 Dungeon Crawl Stone Soup version 0.23-a0-730-g0b75920 (webtiles) character file.

511 rgaf the Poker (level 7, -2/49 HPs)
             Began as an Octopode Fighter on Jan 17, 2019.
             Slain by a sky beast (5 damage)
             ... on level 5 of the Dungeon.
             The game lasted 00:03:15 (4276 turns).

rgaf the Poker (Octopode Fighter)                   Turns: 4276, Time: 00:03:15

Health: -2/49      AC:  1    Str: 16    XL:     7   Next: 19%
Magic:  16/16      EV: 12    Int: 14    God:
Gold:   243        SH:  9    Dex: 11    Spells: 6/6 levels left

rFire    . . .     SeeInvis .   a - +0 trident
rCold    . . .     Gourm    .   p - +0 shield
rNeg     . . .     Faith    .   (helmet restricted)
rPois    .         Spirit   .   (no amulet)
rElec    .         Reflect  .   g - ring of magical power
rCorr    .         Harm     .   w - +2 ring of intelligence
MR       .....                  (no ring)
Stlth    ++........             (no ring)
HPRegen  0.16/turn              (no ring)
MPRegen  0.15/turn              (no ring)
                                (no ring)
                                (no ring)

@: no status effects
A: almost no armour, stealthy swim, amphibious, 8 rings, constrict 8, camouflage
1, gelatinous body 1
a: no special abilities


You were on level 5 of the Dungeon.
You were not hungry.

You visited 1 branch of the dungeon, and saw 5 of its levels.

You collected 243 gold pieces.

Inventory:

Hand Weapons
 a - a +0 trident (weapon)
Missiles
 n - a throwing net (quivered)
Armour
 b - a +0 shield
 p - a +0 shield (worn)
Jewellery
 g - a ring of magical power (left tentacle)
 w - a +2 ring of intelligence (right tentacle)
Scrolls
 i - 2 scrolls of noise {unknown}
 j - 3 scrolls of magic mapping {unknown}
 k - 3 scrolls of identify {unknown}
 l - a scroll of fog {unknown}
 o - 3 scrolls of remove curse {unknown}
 q - a scroll of immolation {unknown}
 r - 2 scrolls of teleportation {unknown}
 s - a scroll of amnesia {unknown}
Potions
 c - a potion of might
 e - 6 potions of curing {unknown}
 f - a potion of mutation {unknown}
 h - 2 potions of flight {unknown}
 m - 2 potions of lignification {unknown}
 t - 2 potions of brilliance {unknown}
 u - a potion of degeneration {unknown}
Comestibles
 d - 10 rations


   Skills:
 + Level 4.4 Fighting
 * Level 5.0 Polearms
 + Level 4.4 Dodging
 + Level 4.4 Shields


You had 6 spell levels left.
You didn't know any spells.
Your spell library was empty.

Dungeon Overview and Level Annotations

Branches:
Dungeon (5/15)
 Temple: D:4-7

Altars:
Ashenzari
Xom


Innate Abilities, Weirdness & Mutations

You cannot wear most types of armour.
You are very stealthy in the water. (Stealth+)
You are amphibious.
You can wear up to eight rings at the same time.
You can use your tentacles to constrict eight enemies at once.
Your skin changes colour to match your surroundings (Stealth+).
Your rubbery body absorbs attacks. (AC +1, EV +1)


Message History

The centaur is heavily wounded.
The centaur completely misses you.
The sky beast flickers out of sight!
Deactivating autopickup; reactivate with Ctrl-A.
You block something's attack. The centaur hits you with a +0 trident!
You block something's attack.
You are too injured to fight recklessly!
You are too injured to fight recklessly!
You hit the centaur.
The centaur is severely wounded.
The centaur hits you with a +0 trident. Something hits you.
* * * LOW HITPOINT WARNING * * *
Something shocks you.
* * * LOW HITPOINT WARNING * * *
You are too injured to fight recklessly!
You hit the centaur but do no damage. You squeeze the centaur.
The centaur is severely wounded.
The centaur misses you. The centaur hits you with a +0 trident.
* * * LOW HITPOINT WARNING * * *
Something hits you.
You die...

##......# ####.######
##......... .#...#
#.........# P....#
#.........# P....##
#.........# P#....#
###........# ###...#
#..........# #...#
#....#.{.#.#
#...#####....c@....#
###[.............#.###
.................# ..
.................# ##
###...#####...#.##
#...# #...#.# #...#
#...#.# .....# #####.#
####.## ..#


You could see a centaur.

Vanquished Creatures
  An ogre (D:4)
  A crimson imp (D:5)
  A jelly (D:5)
  Crazy Yiuf (D:5)
  Natasha (D:2)
  3 worker ants
  4 gnolls (D:3)
  6 adders
  An adder skeleton (D:4)
  7 worms
  5 dart slugs
  6 leopard geckos
  9 orcs
  6 bats
  6 giant cockroaches
  8 hobgoblins
  7 jackals
  3 quokkas (D:2)
  3 ball pythons
  3 frilled lizards
  5 goblins
  12 kobolds
  7 rats
  A fungus (D:5)
107 creatures vanquished.

Notes
Turn   | Place    | Note
-------+----------+-------------------------------------------
     0 | D:1      | rgaf the Octopode Fighter began the quest for the Orb.
     0 | D:1      | Reached XP level 1. HP: 16/16 MP: 1/1
   121 | D:1      | Reached XP level 2. HP: 21/21 MP: 2/2
   438 | D:1      | Reached XP level 3. HP: 25/26 MP: 3/3
   765 | D:2      | Found a shimmering altar of Xom.
   766 | D:2      | Found a shimmering altar of Xom.
   786 | D:2      | Found a shimmering altar of Xom.
  1176 | D:2      | Reached skill level 3 in Polearms
  1176 | D:2      | Reached XP level 4. HP: 27/31 MP: 4/4
  1264 | D:2      | Noticed Natasha
  1270 | D:2      | Killed Natasha
  1620 | D:2      | Reached XP level 5. HP: 26/36 MP: 5/5
  2614 | D:3      | Reached skill level 4 in Polearms
  3010 | D:3      | Reached XP level 6. HP: 43/43 MP: 6/6
  3063 | D:4      | Found a shattered altar of Ashenzari.
  3689 | D:5      | Entered Level 5 of the Dungeon
  3871 | D:5      | Reached XP level 7. HP: 48/48 MP: 7/7
  4008 | D:5      | Found a runed door.
  4101 | D:5      | Noticed Crazy Yiuf
  4106 | D:5      | Killed Crazy Yiuf
  4106 | D:5      | Reached skill level 5 in Polearms
  4276 | D:5      | Slain by a sky beast

Vault maps used:
D:1:      sevenhm_arrival_forest_fort_large_2
D:2:      xom_redecorated, uniq_natasha
D:4:      kennysheep_big_flooded_room, ashenzari_altar_1, hex_intersection
D:5:      old_standard_altar, kennysheep_mini_moat, temple_pool_b, first_ration,
          uniq_crazy_yiuf_cottage

Skill      XL: |  1  2  3  4  5  6  7 |
---------------+----------------------+-----
Polearms       | 3 4 5 |  5.0
Dodging        | 4 |  4.4
Shields        | 4 |  4.4
Fighting       | 4 |  4.4

Action                   |  1- 3 |  4- 6 |  7- 9 || total
-------------------------+-------+-------+-------++-------
Melee: Trident           |    79 |   169 |    26 ||   274
       Constrict         |    20 |    37 |     5 ||    62
       Tentacles         |     9 |    20 |     7 ||    36
Throw: Throwing net      |       |     1 |       ||     1
 Stab: Sleeping          |    11 |    12 |       ||    23
       Distracted        |       |     3 |       ||     3
  Eat: Chunk             |     1 |     8 |     2 ||    11
Armor: Skin              |     5 |     4 |       ||     9
Dodge: Dodged            |    22 |    48 |     5 ||    75
Block: Shield            |    22 |    48 |    11 ||    81

Table legend:
 A = Non-vault XP
 B = Vault XP
 C = Vault XP percentage of total XP
 D = Non-vault monster count
 E = Vault monster count
 F = Vault count percentage of total count
                 A         B        C        D         E       F
            +---------+---------+-------+---------+---------+-------
      Total |     498 |     232 |  31.8 |     102 |       4 |   3.8
            +---------+---------+-------+---------+---------+-------
        D:1 |      50 |       0 |   0.0 |      27 |       0 |   0.0
        D:2 |      89 |      37 |  29.4 |      24 |       1 |   4.0
        D:3 |     147 |       0 |   0.0 |      33 |       0 |   0.0
        D:4 |      62 |     155 |  71.4 |      10 |       2 |  16.7
        D:5 |     150 |      40 |  21.1 |       8 |       1 |  11.1
            +---------+---------+-------+---------+---------+-------
